PUB
IRON CITY EDDIES @ PUERTO RICO HURRICANES
05/16/1972
 
TOP OF THE 1ST
Iron City Eddies batting - Pitching for Puerto Rico Hurricanes : RHP Kurt Bradshaw
Pitching: RHP Kurt Bradshaw
Batting: LHB Vada Pinson 0-0: Swinging Strike
0-1: Ball
1-1: Foul Ball, location: 9LDF
1-2: Ball
2-2: Fly out, F2 (Popup, 23F, EV 87.5 MPH)
Batting: LHB Fernando Pérez 0-0: Called Strike
0-1: Bunted foul
0-2: Ball
1-2: Strikes out swinging
Batting: LHB Willie Stargell 0-0: Called Strike
0-1: Ball
1-1: Fly out, F5 (Popup, 56, EV 60.6 MPH)
Top of the 1st over - 0 runs, 0 hits, 0 errors, 0 left on base; Iron City 0 - Puerto Rico 0
BOTTOM OF THE 1ST
Puerto Rico Hurricanes batting - Pitching for Iron City Eddies : RHP Donald Talley
Pitching: RHP Donald Talley
Batting: RHB Chris Green 0-0: Bunt missed!
0-1: Foul Ball, location: 2F
0-2: Ball
1-2: Strikes out swinging
Batting: SHB Armando Jiménez 0-0: Called Strike
0-1: Ball
1-1: Called Strike
1-2: Foul Ball, location: 7LDF
1-2: SINGLE (Groundball, 4MD, EV 97.5 MPH)
Batting: LHB Terry Zimmerman 0-0: Ball
1-0: Called Strike
1-1: Swinging Strike
1-2: Ball
2-2: Foul Ball, location: 23FF
2-2: Fielders Choice at 2nd, 4-6 (Groundball, 4, EV 83.8 MPH)
Batting: SHB Miguel Carrasco 0-0: Called Strike
0-1: Ball
1-1: Ground out 4-3 (Groundball, 13, EV 88.8 MPH)
Bottom of the 1st over - 0 runs, 1 hit, 0 errors, 1 left on base; Iron City 0 - Puerto Rico 0
TOP OF THE 2ND
Iron City Eddies batting - Pitching for Puerto Rico Hurricanes : RHP Kurt Bradshaw
Batting: RHB Dwaine Bullivant 0-0: Called Strike
0-1: Ball
1-1: Foul Ball, location: 5F
1-2: Strikes out swinging
Batting: RHB Jason Wright 0-0: Ground out 5-3 (Groundball, 56, EV 106.3 MPH)
Batting: RHB Jed Hembree 0-0: Called Strike
0-1: Foul Ball, location: 5F
0-2: Foul Ball, location: 5SF
0-2: Strikes out looking
Top of the 2nd over - 0 runs, 0 hits, 0 errors, 0 left on base; Iron City 0 - Puerto Rico 0
BOTTOM OF THE 2ND
Puerto Rico Hurricanes batting - Pitching for Iron City Eddies : RHP Donald Talley
Batting: LHB Andrej Eenkhoorn 0-0: Foul Ball, location: 5SF
0-1: Ball
1-1: Foul Ball, location: 2F
1-2: Ball
2-2: Fly out, F7 (Line Drive, 7, EV 99.4 MPH)
Batting: RHB Rintaro Kichida 0-0: Swinging Strike
0-1: Ball
1-1: Ball
2-1: Called Strike
2-2: Strikes out swinging
Batting: LHB Greg Shoemaker 0-0: Called Strike
0-1: Foul Ball, location: 25F
0-2: Strikes out swinging
Bottom of the 2nd over - 0 runs, 0 hits, 0 errors, 0 left on base; Iron City 0 - Puerto Rico 0
TOP OF THE 3RD
Iron City Eddies batting - Pitching for Puerto Rico Hurricanes : RHP Kurt Bradshaw
Batting: RHB Alex Díaz 0-0: Fly out, F9 (Line Drive, 9S, EV 105.6 MPH)
Batting: LHB Jing-xiang Lok 0-0: Ball
1-0: Ball
2-0: Called Strike
2-1: Ball
3-1: Foul Ball, location: 2F
3-2: SOLO HOME RUN (Flyball, 9D, EV 94.4 MPH), Distance : 357 ft
Batting: RHB Donald Talley 0-0: Ball
1-0: Ball
2-0: Swinging Strike
2-1: Fly out, F9 (Flyball, 89M, EV 95.6 MPH)
Batting: LHB Vada Pinson 0-0: Swinging Strike
0-1: Fly out, F8 (Line Drive, 8RD, EV 90.6 MPH)
Top of the 3rd over - 1 run, 1 hit, 0 errors, 0 left on base; Iron City 1 - Puerto Rico 0
BOTTOM OF THE 3RD
Puerto Rico Hurricanes batting - Pitching for Iron City Eddies : RHP Donald Talley
Batting: LHB Koyo Yamamoto 0-0: Fly out, F8 (Flyball, 78M, EV 89.4 MPH)
Batting: RHB Kurt Bradshaw 0-0: Called Strike
0-1: Fly out, F9 (Line Drive, 9, EV 90.0 MPH)
Batting: RHB Chris Green 0-0: Ball
1-0: Ball
2-0: Foul Ball, location: 2F
2-1: Called Strike
2-2: Strikes out swinging
Bottom of the 3rd over - 0 runs, 0 hits, 0 errors, 0 left on base; Iron City 1 - Puerto Rico 0
TOP OF THE 4TH
Iron City Eddies batting - Pitching for Puerto Rico Hurricanes : RHP Kurt Bradshaw
Batting: LHB Fernando Pérez 0-0: Called Strike
0-1: Ball
1-1: Called Strike
1-2: Strikes out swinging
Batting: LHB Willie Stargell 0-0: Fly out, F9 (Flyball, 9S, EV 91.3 MPH)
Batting: RHB Dwaine Bullivant 0-0: Called Strike
0-1: Ball
1-1: Swinging Strike
1-2: Strikes out swinging
Top of the 4th over - 0 runs, 0 hits, 0 errors, 0 left on base; Iron City 1 - Puerto Rico 0
BOTTOM OF THE 4TH
Puerto Rico Hurricanes batting - Pitching for Iron City Eddies : RHP Donald Talley
Batting: SHB Armando Jiménez 0-0: Called Strike
0-1: Ground out 4-3 (Groundball, 4, EV 81.3 MPH)
Batting: LHB Terry Zimmerman 0-0: Swinging Strike
0-1: Ball
1-1: Foul Ball, location: 7LDF
1-2: Strikes out swinging
Batting: SHB Miguel Carrasco 0-0: Ball
1-0: Ball
2-0: Ball
3-0: Base on Balls
Batting: LHB Andrej Eenkhoorn 0-0: Foul Ball, location: 2F
0-1: Called Strike
0-2: Foul Ball, location: 23FF
0-2: Ball
1-2: Ball
2-2: SINGLE (Line Drive, 7S, EV 105.0 MPH)
Miguel Carrasco to second
Batting: RHB Rintaro Kichida 0-0: Called Strike
0-1: Foul Ball, location: 3DF
0-2: Ball
1-2: Ball
2-2: Strikes out swinging
Bottom of the 4th over - 0 runs, 1 hit, 0 errors, 2 left on base; Iron City 1 - Puerto Rico 0
TOP OF THE 5TH
Iron City Eddies batting - Pitching for Puerto Rico Hurricanes : RHP Kurt Bradshaw
Batting: RHB Jason Wright 0-0: Called Strike
0-1: Ball
1-1: Foul Ball, location: 2F
1-2: Ball
2-2: Strikes out swinging
Batting: RHB Jed Hembree 0-0: Called Strike
0-1: Foul Ball, location: 5FF
0-2: Ball
1-2: Strikes out swinging
Batting: RHB Alex Díaz 0-0: Ball
1-0: Ball
2-0: Called Strike
2-1: Foul Ball, location: 9LMF
2-2: Strikes out swinging
Top of the 5th over - 0 runs, 0 hits, 0 errors, 0 left on base; Iron City 1 - Puerto Rico 0
BOTTOM OF THE 5TH
Puerto Rico Hurricanes batting - Pitching for Iron City Eddies : RHP Donald Talley
Batting: LHB Greg Shoemaker 0-0: Ball
1-0: SINGLE (Groundball, 6MD, EV 101.9 MPH)
Batting: LHB Koyo Yamamoto 0-0: Swinging Strike
0-1: Ball
1-1: Swinging Strike
1-2: Ball
2-2: Foul Ball, location: 9LMF
2-2: Strikes out swinging
Batting: RHB Kurt Bradshaw 0-0: Bunt missed!
0-1: Sac Bunt to 3S - play at first, batter OUT! 3-4
Greg Shoemaker to second
Batting: RHB Chris Green 0-0: Called Strike
0-1: Ball
1-1: Ground out 6-3 (Groundball, 6, EV 105.6 MPH)
Bottom of the 5th over - 0 runs, 1 hit, 0 errors, 1 left on base; Iron City 1 - Puerto Rico 0
TOP OF THE 6TH
Iron City Eddies batting - Pitching for Puerto Rico Hurricanes : RHP Kurt Bradshaw
Batting: LHB Jing-xiang Lok 0-0: DOUBLE (Line Drive, 5D, EV 108.8 MPH)
Batting: RHB Donald Talley 0-0: Sac Bunt to P - play at first, batter OUT! 1-4
Jing-xiang Lok to third
Batting: LHB Vada Pinson 0-0: Swinging Strike
0-1: Ground out U3 (Groundball, 3, EV 90.6 MPH)
Batting: LHB Fernando Pérez 0-0: Ball
1-0: Ground out U3 (Groundball, 3, EV 103.1 MPH)
Top of the 6th over - 0 runs, 1 hit, 0 errors, 1 left on base; Iron City 1 - Puerto Rico 0
BOTTOM OF THE 6TH
Puerto Rico Hurricanes batting - Pitching for Iron City Eddies : RHP Donald Talley
Batting: SHB Armando Jiménez 0-0: Ball
1-0: Ball
2-0: Foul Ball, location: 3F
2-1: DOUBLE (Flyball, 8LXD, EV 95.6 MPH)
Batting: LHB Terry Zimmerman 0-0: Ball
1-0: DOUBLE (Flyball, 78XD, EV 100.6 MPH)
Armando Jiménez scores
Batting: SHB Miguel Carrasco 0-0: Called Strike
0-1: SINGLE (Groundball, 5S, EV 70.0 MPH) (infield hit)
Terry Zimmerman to third
Batting: LHB Andrej Eenkhoorn 0-0: Called Strike
0-1: Swinging Strike
0-2: Ball
1-2: Strikes out swinging
Batting: RHB Rintaro Kichida 0-0: Ball
1-0: Swinging Strike
1-1: Called Strike
1-2: Strikes out swinging
Batting: LHB Greg Shoemaker 0-0: Foul Ball, location: 23F
0-1: Swinging Strike
0-2: Fly out, F8 (Flyball, 8RS, EV 89.4 MPH)
Bottom of the 6th over - 1 run, 3 hits, 0 errors, 2 left on base; Iron City 1 - Puerto Rico 1
TOP OF THE 7TH
Iron City Eddies batting - Pitching for Puerto Rico Hurricanes : RHP Kurt Bradshaw
Batting: LHB Willie Stargell 0-0: Called Strike
0-1: Ball
1-1: Called Strike
1-2: Strikes out swinging
Batting: RHB Dwaine Bullivant 0-0: Ball
1-0: SINGLE (Line Drive, 8RS, EV 94.4 MPH)
Pitching: LHP Daron Tomblin
Now at 3B: Chris Green
Now at SS: Woody Frazier
Batting: RHB Jason Wright 0-0: Called Strike
0-1: Ball
1-1: Foul Ball, location: 2F
1-2: Foul Ball, location: 9LDF
1-2: Strikes out swinging
Batting: RHB Jed Hembree 0-0: Ball
1-0: Ball
2-0: Ball
3-0: Base on Balls
Dwaine Bullivant to second
Batting: RHB Alex Díaz 0-0: Ball
1-0: Ball
2-0: Ball
3-0: Base on Balls
Dwaine Bullivant to third
Jed Hembree to second
Batting: LHB Jing-xiang Lok 0-0: Swinging Strike
0-1: SINGLE (Groundball, P, EV 84.4 MPH) (infield hit)
Dwaine Bullivant scores
Jed Hembree to third
Alex Díaz to second
Pinch Hitting: RHB Mike Ellis 0-0: Foul Ball, location: 3DF
0-1: Fly out, F7 (Line Drive, 7, EV 98.1 MPH)
Top of the 7th over - 1 run, 2 hits, 0 errors, 3 left on base; Iron City 2 - Puerto Rico 1
BOTTOM OF THE 7TH
Puerto Rico Hurricanes batting - Pitching for Iron City Eddies : RHP Donald Talley
Pitching: LHP Billy McCool
Now at SS: Saran Vakil
Now in RF: Fernando Pérez
Pinch Hitting: RHB Alfonso Santana 0-0: Called Strike
0-1: Foul Ball, location: 2F
0-2: Ball
1-2: Foul Ball, location: 2F
1-2: Strikes out looking
Batting: RHB Woody Frazier 0-0: Ball
1-0: DOUBLE (Line Drive, 9LD, EV 101.3 MPH)
Batting: RHB Chris Green 0-0: Ground out 6-3 (Groundball, 6, EV 85.6 MPH)
Batting: SHB Armando Jiménez 0-0: Ball
1-0: Foul Ball, location: 2F
1-1: Foul Ball, location: 25FF
1-2: Strikes out swinging
Bottom of the 7th over - 0 runs, 1 hit, 0 errors, 1 left on base; Iron City 2 - Puerto Rico 1
TOP OF THE 8TH
Iron City Eddies batting - Pitching for Puerto Rico Hurricanes : LHP Daron Tomblin
Now in CF: Rintaro Kichida
Now in RF: Alfonso Santana
Batting: LHB Vada Pinson 0-0: SINGLE (Line Drive, 78S, EV 90.6 MPH)
Batting: LHB Fernando Pérez 0-0: Ball
1-0: Ground out 5-3 (Groundball, 56S, EV 90.6 MPH)
Vada Pinson to second
Pinch Hitting: RHB John Orsino 0-0: Called Strike
0-1: Swinging Strike
0-2: Ball
1-2: Ground out U3 (Groundball, 34, EV 84.4 MPH)
Vada Pinson to third
Batting: RHB Dwaine Bullivant 0-0: Ball
1-0: Called Strike
1-1: Swinging Strike
1-2: Strikes out swinging
Top of the 8th over - 0 runs, 1 hit, 0 errors, 1 left on base; Iron City 2 - Puerto Rico 1
BOTTOM OF THE 8TH
Puerto Rico Hurricanes batting - Pitching for Iron City Eddies : LHP Billy McCool
Now at 1B: Ernesto González
Now in CF: Vic Davalillo
Pinch Hitting: RHB Steve Scott 0-0: Called Strike
0-1: Swinging Strike
0-2: Ball
1-2: Foul Ball, location: 5F
1-2: Foul Ball, location: 7LDF
1-2: Ball
2-2: Ground out 4-3 (Groundball, 34, EV 90.0 MPH)
Batting: SHB Miguel Carrasco 0-0: Called Strike
0-1: Ball
1-1: Ball
2-1: Swinging Strike
2-2: Foul Ball, location: 2F
2-2: Ball
3-2: Strikes out looking
Batting: LHB Andrej Eenkhoorn 0-0: Called Strike
0-1: Swinging Strike
0-2: Ball
1-2: Ball
2-2: Ball
3-2: Strikes out swinging
Bottom of the 8th over - 0 runs, 0 hits, 0 errors, 0 left on base; Iron City 2 - Puerto Rico 1
TOP OF THE 9TH
Iron City Eddies batting - Pitching for Puerto Rico Hurricanes : LHP Daron Tomblin
Now at 1B: Yoshitaka Kouda
Batting: RHB Jason Wright 0-0: Ground out 6-3 (Groundball, 6, EV 102.5 MPH)
Batting: LHB Saran Vakil 0-0: Fly out, F9 (Flyball, 89M, EV 92.5 MPH)
Batting: RHB Alex Díaz 0-0: Ball
1-0: Foul Ball, location: 9LSF
1-1: Ball
2-1: Swinging Strike
2-2: Foul Ball, location: 2F
2-2: Ball
3-2: Strikes out swinging, 2-3 out at first.
Top of the 9th over - 0 runs, 0 hits, 0 errors, 0 left on base; Iron City 2 - Puerto Rico 1
BOTTOM OF THE 9TH
Puerto Rico Hurricanes batting - Pitching for Iron City Eddies : LHP Billy McCool
Pitching: RHP Thomas Watts
Batting: RHB Rintaro Kichida 0-0: Called Strike
0-1: Foul Ball, location: 2F
0-2: Strikes out swinging
Pinch Hitting: SHB Ted Simmons 0-0: Ball
1-0: Called Strike
1-1: Ground out 4-3 (Groundball, 34, EV 81.9 MPH)
Batting: RHB Alfonso Santana 0-0: Ball
1-0: Ball
2-0: Called Strike
2-1: Ball
3-1: Ground out 6-3 (Groundball, 6, EV 77.5 MPH)
Bottom of the 9th over - 0 runs, 0 hits, 0 errors, 0 left on base; Iron City 2 - Puerto Rico 1
Friday, March 15th , 2024 - OOTP Baseball 24.8 Build 75